 Dungeon Crawl Stone Soup version 0.26-a0-64-g059e62fbdb (webtiles) character file.

Game seed: 9120924470566493099

189350 Gargoyl the Cleaver (level 17, -1/141 HPs)
             Began as a Centaur Abyssal Knight on June 11, 2020.
             Was the Champion of Lugonu.
             Slain by a merfolk
             ... wielding a +0 trident
              (13 damage)
             ... on level 2 of the Shoals.
             The game lasted 01:06:53 (37056 turns).

Gargoyl the Cleaver (Centaur Abyssal Knight)       Turns: 37056, Time: 01:06:54

Health: -1/141     AC: 17    Str: 18 (28) XL:     17   Next: 94%
Magic:  24/24      EV: 12    Int:  5 (11) God:    Lugonu [******]
Gold:   623        SH: 18    Dex: 19      Spells: 16/16 levels left

rFire    . . .     SeeInvis .   y - +6 broad axe (elec)
rCold    . . .     Gourm    .   i - +5 kite shield
rNeg     . . .     Faith    .   (no armour)
rPois    .         Spirit   .   n - +2 hat {MR+}
rElec    .         Reflect  .   T - scarf {repulsion}
rCorr    .         Harm     .   R - +2 pair of gloves {archery}
MR       ++...                  I - +1 centaur barding {Fly}
Stlth    ++........             F - amulet of regeneration
HPRegen  0.73/turn              C - +6 ring of strength
MPRegen  0.19/turn              j - +6 ring of dexterity

@: flying, repel missiles, very quick
A: large, hooves 3, molten scales 1, thin skeletal structure 1, deformed body,
speed 2, low mp 1, screaming 1, strong 1, tough skin 3
a: Depart the Abyss, Bend Space, Banish, Corrupt, Enter the Abyss, Brand Weapon
With Distortion, Renounce Religion, Stop Flying


You were on level 2 of the Shoals.
You worshipped Lugonu.
Lugonu was exalted by your worship.
You were hungry.

You visited 5 branches of the dungeon, and saw 29 of its levels.
You visited the Abyss 2 times.
You also visited: Bailey, Gauntlet, Ice Cave and Volcano.

You collected 3581 gold pieces.
You spent 2958 gold pieces at shops.

Inventory:

Hand Weapons
 a - a +3 hand axe of freezing
 y - a +6 broad axe of electrocution (weapon)
 B - the +10 zealot's sword {holy, *Rage rN+ EV+3}
   (You bought it in a shop on level 2 of the Orcish Mines)

   It has been blessed by the Shining One to cause great damage to the undead
   and demons.
   It affects your evasion (+3).
   It protects you from negative energy.
   It may make you go berserk in combat.
Missiles
 q - 24 silver javelins (quivered)
 D - 21 boomerangs
Armour
 i - a +5 kite shield (worn)
 n - a +2 hat of magic resistance (worn)
 I - a +1 centaur barding of flying (worn)
 J - the +1 pair of gloves "Ehekhlus" {rN+ Int-5 Slay+2}
   (You found it on level 3 of the Spider Nest)

   It affects your intelligence (-5).
   It affects your accuracy and damage with ranged weapons and melee attacks
   (+2).
   It protects you from negative energy.
 M - the +8 chain mail "Sughac" {rC++ Int-5 Dex+3 Stlth+}
   (You took it off a minotaur in a Gauntlet)

   It affects your intelligence (-5).
   It affects your dexterity (+3).
   It greatly protects you from cold.
   It makes you more stealthy.
 R - a +2 pair of gloves of archery (worn)
 T - a scarf of repulsion (worn)
 U - a +2 cloak of poison resistance
Jewellery
 f - an uncursed ring of positive energy
 j - a +6 ring of dexterity (right hand)
 k - an uncursed ring of positive energy
 u - an uncursed ring of magical power {unknown}
 v - an uncursed ring of see invisible {unknown}
 C - a +6 ring of strength (left hand)
 F - an amulet of regeneration (around neck)
 G - an uncursed ring of stealth {unknown}
 L - an uncursed ring of protection from cold
Wands
 p - a wand of clouds (11)
 A - a wand of acid (10)
 K - a wand of paralysis (19)
 O - a wand of digging (5)
Scrolls
 b - a scroll of fog
 d - 5 scrolls of magic mapping
 e - 14 scrolls of teleportation
 g - 3 scrolls of identify
 m - 14 scrolls of remove curse
 r - 6 scrolls of fear
 w - a scroll of enchant weapon
 H - 3 scrolls of holy word
 P - 5 scrolls of blinking
 S - a scroll of brand weapon
Potions
 h - 5 potions of haste
 l - 3 potions of flight {unknown}
 o - 4 potions of brilliance
 s - 4 potions of curing
 t - 3 potions of lignification
 x - 2 potions of might
 z - 7 potions of invisibility
 E - a potion of cancellation
 N - 3 potions of berserk rage
 Q - 3 potions of magic
Comestibles
 c - 52 rations


   Skills:
 + Level 10.4 Fighting
 + Level 14.7 Axes
 + Level 1.4 Throwing
 * Level 10.4 Armour
 + Level 5.9 Dodging
 * Level 13.0 Shields
 * Level 13.9 Invocations
 + Level 1.3 Evocations


You had 16 spell levels left.
You didn't know any spells.
Your spell library contained the following spells:

 Spells                   Type           Power        Failure   Level  Hunger
 Animate Skeleton         Necr           N/A          47%         1    ##.....
 Apportation              Tloc           #.....       47%         1    ##.....
 Corona                   Hex            #......      47%         1    ##.....
 Foxfire                  Conj/Fire      #...         47%         1    ##.....
 Freeze                   Ice            #...         47%         1    ##.....
 Magic Dart               Conj           #...         47%         1    ##.....
 Pain                     Necr           #...         47%         1    ##.....
 Shock                    Conj/Air       #...         47%         1    ##.....
 Sting                    Tmut/Pois      #...         47%         1    ##.....
 Summon Butterflies       Summ           #.......     47%         1    ##.....
 Blink                    Tloc           N/A          63%         2    ###....
 Call Imp                 Summ           #.......     63%         2    ###....
 Poisonous Vapours        Pois/Air       #.....       63%         2    ###....
 Slow                     Hex            #.......     63%         2    ###....
 Swiftness                Chrm/Air       #.......     63%         2    ###....
 Conjure Flame            Conj/Fire      #.......     85%         3    ####...
 Frozen Ramparts          Ice            #.....       85%         3    ####...
 Ignite Poison            Fire/Tmut/Pois #.......     85%         3    ####...
 Inner Flame              Hex/Fire       #.......     85%         3    ####...
 Lesser Beckoning         Tloc           #.........   85%         3    ####...
 Mephitic Cloud           Conj/Pois/Air  #.......     85%         3    ####...
 Ozocubu's Armour         Chrm/Ice       #.......     85%         3    ####...
 Portal Projectile        Hex/Tloc       #.....       85%         3    ####...
 Static Discharge         Conj/Air       #.......     85%         3    ####...
 Tukima's Dance           Hex            #.......     85%         3    ####...
 Vampiric Draining        Necr           #.........   85%         3    ####...
 Airstrike                Air            #.........   99%         4    #####..
 Animate Dead             Necr           N/A          99%         4    #####..
 Cause Fear               Hex            #.........   99%         4    #####..
 Hailstorm                Conj/Ice       #.......     99%         4    #####..
 Ice Form                 Ice/Tmut       #.......     99%         4    #####..
 Leda's Liquefaction      Hex/Erth       #.........   99%         4    #####..
 Olgreb's Toxic Radiance  Pois           #.......     99%         4    #####..
 Sticky Flame             Conj/Fire      #.......     99%         4    #####..
 Summon Ice Beast         Ice/Summ       #.......     99%         4    #####..
 Agony                    Necr           #.......     100%        5    ######.
 Alistair's Intoxication  Tmut/Pois      #.......     100%        5    ######.
 Fireball                 Conj/Fire      #.........   100%        5    ######.
 Lightning Bolt           Conj/Air       #.........   100%        5    ######.
 Metabolic Englaciation   Hex/Ice        #.........   100%        5    ######.
 Silence                  Hex/Air        #.........   100%        5    ######.
 Yara's Violent Unravell  Hex/Tmut       #.........   100%        5    ######.
 Freezing Cloud           Conj/Ice/Air   #.........   100%        6    #######
 Invisibility             Hex            #.......     100%        6    #######
 Ozocubu's Refrigeration  Ice            #.........   100%        6    #######
 Simulacrum               Ice/Necr       #.........   100%        6    #######
 Discord                  Hex            #.........   100%        8    #######


Dungeon Overview and Level Annotations

Branches:
Dungeon (15/15)            Temple (0/1) D:6            Lair (6/6) D:8
 Shoals (2/4) Lair:2       Spider (4/4) Lair:2        Slime (0/5) Lair:6
    Orc (2/2) D:9             Elf (0/3) Orc:2        Vaults (0/5) D:14
 Depths (0/5) D:15         Bailey (visited)           IceCv (visited)
Volcano (visited)         Gauntlet (visited)

Altars:
Dithmenos
Elyvilon
Fedhas
Gozag
Hepliaklqana
Kikubaaqudgha
Okawaru
Sif Muna
Vehumet
Xom
Yredelemnul
The Shining One
Jiyva

Shops:
D:6 !   D:8 }   Orc:2 **[(

Portals:
Trove: D:14 (give 10 potions of heal wounds)

Annotations:
Abyss:1 Fannar; Fopaha Niyl's ghost, journeyman GrFi


Innate Abilities, Weirdness & Mutations

You have hooves in place of feet.
Armour fits poorly on your strangely shaped body.
You cover ground very quickly.
You have extremely tough skin. (AC +3)
You are partially covered in molten scales. (AC +2)
You have a somewhat thin skeletal structure. (Dex +2, Stealth)
Your magical capacity is low. (-10% MP)
You occasionally shout uncontrollably at your foes.
Your muscles are strong. (Str +2)


Message History

The sea snake bites you but does no damage.
The merfolk hits you from afar with a +1 vampiric halberd!!
* * * LOW HITPOINT WARNING * * *
You block the merfolk impaler's attack.
You feel better. The sea snake barely misses you.
You block the merfolk impaler's attack. You block the merfolk's attack.
The merfolk hits you from afar with a +1 vampiric halberd!!
* * * LOW HITPOINT WARNING * * *
You feel better. You block the sea snake's attack.
You block the merfolk impaler's attack.
The merfolk hits you from afar with a +0 spear!
* * * LOW HITPOINT WARNING * * *
The merfolk closely misses you.
As you read the scroll of summoning, it crumbles to dust.
Wisps of shadow whirl around you... You block the sea snake's attack.
The merfolk impaler closely misses you. The merfolk closely misses you.
You block the merfolk's attack. The merfolk impaler barely misses you.
You block the sea snake's attack.
The merfolk hits you from afar with a +0 trident!
You die...

≈≈≈≈. #.≈....# ≈≈≈≈≈..
##......#
≈≈≈≈≈..###.......#
≈≈≈≈≈?..##......#
≈≈≈≈≈........$.#
≈≈≈≈≈≈!........#
≈≈≈≈≈≈.≈≈≈S....##
≈≈≈≈≈≈m≈..(.≈≈..###
≈.≈≈≈≈mS@..≈≈≈≈...###
.≈≈≈≈≈m≈m≈≈≈≈(≈≈≈<..#
≈≈≈≈≈≈H≈≈≈≈≈≈†((≈≈≈.#
≈≈≈≈≈≈≈≈≈≈≈≈≈≈≈≈≈≈≈.#
≈≈≈≈≈≈≈≈≈≈≈≈≈≈≈≈≈(...#
≈≈≈≈≈≈≈≈≈≈≈≈≈≈≈≈≈≈≈≈....
≈≈≈≈≈≈≈≈≈≈≈≈≈≈≈≈≈≈≈≈≈≈≈≈
≈≈≈≈≈≈≈≈≈≈≈≈≈≈≈≈≈≈≈≈≈≈≈≈≈
≈≈≈≈≈≈≈≈≈≈≈≈≈≈≈≈≈≈≈


You could see a merfolk impaler, a sea snake, 3 merfolk, a friendly sea snake
(summoned) and a friendly manticore (summoned).

Vanquished Creatures
  Jorgrun (D:15)
  Gastronok (Lair:3)
  Kirke (D:15)
  Donald (Orc:2)
  A frost giant (IceCv)
  Aizul (Spider:1)
  An emperor scorpion (Spider:1)
  4 entropy weavers
  Azrael (Orc:1)
  2 spark wasps (Spider:3)
  A minotaur (Gauntlet)
  Snorg (Lair:5)
  An ettin (D:9)
  A yaktaur captain (D:15)
  2 ogre magi (Orc:2)
  The ghost of Flubber the Cleaver, a journeyman MiFi of Okawaru (Lair:1)
  2 vault guards (D:14)
  Harold (D:7)
  The ghost of anet the Magician, a journeyman GnWr of Ashenzari (Lair:2)
  12 two-headed ogres
  3 centaur warriors
  2 death yaks (IceCv)
  A queen ant (Spider:2)
  A tengu warrior (D:15)
  Urug (Lair:2)
  Sonja (Lair:1)
  Nergalle (Lair:2)
  2 unseen horrors
  3 sea snakes (Shoals:1)
  2 deep trolls (Orc:2)
  8 harpies (Shoals:1)
  8 orb spiders
  11 ugly things
  3 orc knights
  18 wolf spiders
  A deep elf mage (D:13)
  7 cyclopes
  4 fauns (Shoals:1)
  5 elephants (Lair:1)
  3 manticores
  2 merfolk sirens (Shoals:1)
  Maurice (D:13)
  5 black mambas
  25 spiny frogs
  2 water nymphs (Shoals:1)
  An ice statue (Gauntlet)
  2 torpor snails
  2 kobold demonologists (D:14)
  2 rime drakes
  11 demonic crawlers
  4 komodo dragons
  3 redback zombies
  2 ice devils (Lair:6)
  6 yaktaurs
  An efreet (D:14)
  14 trolls
  4 merfolk (Shoals:1)
  A tengu conjurer (D:15)
  A wind drake (Shoals:2)
  3 tyrant leeches (Lair:6)
  13 polar bears (IceCv)
  5 hornets
  39 jumping spiders
  29 blink frogs
  9 slime creatures
  3 hippogriffs
  4 snapping turtles
  5 dream sheep
  A spectral black mamba (Lair:5)
  2 centaur simulacra (Gauntlet)
  50 redbacks
  3 shadows
  20 tarantellas
  A vampire (D:14)
  2 wyverns
  3 fire elementals (Orc:1)
  A spectral komodo dragon (Lair:1)
  4 water elementals
  A basilisk (Lair:2)
  3 hungry ghosts
  37 yaks
  Menkaure (D:6)
  4 hogs (D:15)
  3 wargs
  3 death yak simulacra (Lair:1)
  12 vampire mosquitoes
  A spectral spiny frog (Lair:5)
  2 acid dragons
  15 soldier ants
  9 water moccasins
  5 porcupines
  3 hell hounds
  22 orc warriors
  4 sky beasts
  4 black mamba simulacra
  3 ice beasts
  10 centaurs
  An ice dragon simulacrum (Gauntlet)
  5 phantoms
  21 wolves
  31 ogres
  8 crocodiles
  26 bullfrogs
  5 big kobolds
  A wyvern zombie (D:10)
  A wyvern skeleton (D:14)
  3 scorpions
  53 killer bees
  9 wights
  8 electric eels
  5 crimson imps
  2 bullfrog zombies
  5 centaur zombies
  2 quasits (D:11)
  4 hounds
  6 jellies
  5 small abominations (Gauntlet)
  15 orc priests
  Crazy Yiuf (D:5)
  6 centaur skeletons
  7 iguanas
  Terence (D:2)
  8 hell rats
  14 orc wizards
  25 worker ants
  2 hound skeletons
  4 gnolls
  A howler monkey skeleton (D:9)
  6 river rats (D:6)
  17 adders
  4 shadow imps
  3 oozes
  3 worms
  An adder skeleton (D:5)
  3 dart slugs (D:2)
  6 leopard geckos
  90 orcs
  A ball python (D:6)
  8 bats
  A giant cockroach (D:4)
  15 goblins
  6 hobgoblins
  9 jackals
  11 kobolds
  13 quokkas
  7 frilled lizards
  A giant cockroach zombie (D:5)
  A quokka zombie (D:5)
  20 rats
  A bush (Shoals:1)
  A fungus (Lair:6)
  2 plants
1065 creatures vanquished.

Vanquished Creatures (collateral kills)
  A centaur skeleton (D:14)
1 creature vanquished.

Vanquished Creatures (others)
  The ghost of Zaguo the Spry, an adept MfTm of Okawaru (Spider:3)
  A green death (Spider:3)
  3 hydras
  2 two-headed ogres (D:8)
  A wolf spider (Spider:3)
  2 jumping spiders (Spider:3)
  A tyrant leech (Lair:6)
  4 slime creatures (Gauntlet)
  A redback (Spider:3)
  A tarantella (Spider:3)
  A hydra simulacrum (Lair:1)
  A crocodile (Lair:6)
  2 jellies (Gauntlet)
  A demonic plant (Gauntlet)
  16 fungi
  51 plants
89 creatures vanquished.

Grand Total: 1155 creatures vanquished

Notes
Turn   | Place    | Note
-------+----------+-------------------------------------------
     0 | Abyss:1  | Gargoyl the Centaur Abyssal Knight began the quest for the
                  | Orb.
     0 | Abyss:1  | Reached XP level 1. HP: 19/19 MP: 2/2
    34 | Abyss:1  | Noticed a raiju
    37 | Abyss:1  | Noticed a small abomination
    44 | Abyss:1  | Noticed a large abomination
    48 | Abyss:1  | Noticed a small abomination
    64 | Abyss:1  | Noticed an ancient zyme
    81 | Abyss:1  | Noticed a worldbinder
    85 | Abyss:1  | Noticed a deep elf knight
    85 | Abyss:1  | Noticed a deep elf mage
    86 | Abyss:1  | Noticed a deep elf mage
    86 | Abyss:1  | Noticed a deep elf knight
    88 | Abyss:1  | Noticed an ice beast
    89 | D:1      | Escaped the Abyss
   372 | D:1      | Reached XP level 2. HP: 16/26 MP: 3/3
   830 | D:1      | You fall into a shaft and drop 1 floor!
   830 | D:2      | Found a shadowy altar of Dithmenos.
   856 | D:2      | Reached skill level 2 in Axes
   856 | D:2      | Reached skill level 1 in Dodging
  1034 | D:2      | Reached XP level 3. HP: 23/31 MP: 4/4
  1126 | D:1      | Reached * piety under Lugonu
  1525 | D:2      | Found a hazy altar of Hepliaklqana.
  1537 | D:2      | Reached XP level 4. HP: 36/38 MP: 5/5
  1912 | D:2      | Noticed Terence
  1926 | D:2      | Killed Terence
  2454 | D:3      | Found a white marble altar of Elyvilon.
  2625 | D:3      | Reached ** piety under Lugonu
  2733 | D:3      | Reached XP level 5. HP: 42/46 MP: 7/7
  2946 | D:3      | Reached skill level 1 in Shields
  3444 | D:4      | Noticed a phantom
  3485 | D:3      | Killed a phantom
  3485 | D:3      | Reached skill level 3 in Axes
  3485 | D:3      | Reached XP level 6. HP: 48/52 MP: 8/8
  3753 | D:4      | Found a blossoming altar of Fedhas.
  4017 | D:4      | Reached XP level 7. HP: 54/59 MP: 9/9
  4047 | D:4      | Found a shimmering altar of Xom.
  4050 | D:4      | Found a radiant altar of Vehumet.
  4054 | D:4      | Found a basalt altar of Yredelemnul.
  4080 | D:4      | Reached *** piety under Lugonu
  4340 | D:5      | Entered Level 5 of the Dungeon
  4692 | D:5      | Reached skill level 4 in Axes
  5029 | D:5      | Reached XP level 8. HP: 66/66 MP: 11/11
  5594 | D:5      | Found a runed translucent door.
  5595 | D:5      | Noticed Crazy Yiuf
  5730 | D:5      | Killed Crazy Yiuf
  6079 | D:6      | Found a staircase to the Ecumenical Temple.
  6099 | D:6      | Reached skill level 5 in Axes
  6162 | D:6      | Reached **** piety under Lugonu
  6212 | D:6      | Reached skill level 5 in Invocations
  6361 | D:6      | Found a shimmering blue altar of Sif Muna.
  6513 | D:6      | Found Higeesa's Distillery.
  6514 | D:6      | Noticed Menkaure
  6525 | D:6      | Killed Menkaure
  6752 | D:6      | Bought a potion of heal wounds for 55 gold pieces
  6752 | D:6      | Bought 2 potions of curing for 66 gold pieces
  6752 | D:6      | Bought a potion of lignification for 33 gold pieces
  6896 | D:6      | Found the +2 ratskin cloak {+Rats rPois rN+ Str-1 Int-1
                  | Dex+1}
  7307 | D:7      | Reached XP level 9. HP: 72/72 MP: 12/12
  7507 | D:7      | Noticed Harold
  7545 | D:7      | Killed Harold
  7545 | D:7      | Reached skill level 5 in Fighting
  7545 | D:7      | Reached skill level 6 in Axes
  8347 | D:8      | Noticed a two-headed ogre
  8350 | D:8      | Banished a two-headed ogre
  8372 | D:7      | Reached skill level 5 in Shields
  9066 | D:8      | Found Femoamu's Gadget Shoppe.
  9246 | D:8      | Found a staircase to the Lair.
  9288 | D:8      | Reached XP level 10. HP: 60/81 MP: 14/14
  9802 | D:8      | Noticed a two-headed ogre
  9802 | D:8      | Noticed a two-headed ogre
  9803 | D:8      | Banished a two-headed ogre
  9803 | D:8      | Reached skill level 5 in Armour
  9804 | D:8      | Banished a two-headed ogre
 10176 | D:9      | Reached skill level 7 in Axes
 10200 | D:9      | Found a staircase to the Orcish Mines.
 10376 | D:9      | Reached ***** piety under Lugonu
 11058 | Lair:1   | Entered Level 1 of the Lair of Beasts
 11080 | Lair:1   | Noticed Fannar
 11098 | Lair:1   | Banished Fannar
 11650 | Lair:1   | You fall into a shaft and drop 1 floor!
 11650 | Lair:2   | Noticed a spiny frog
 11661 | Lair:2   | Killed a spiny frog
 11697 | Lair:2   | Found a dark tunnel.
 11756 | Volcano  | Entered a volcano
 11880 | Volcano  | Identified a scroll of acquirement
 11926 | Lair:2   | Gained mutation: You are partially covered in molten
                  | scales. (AC +2) [potion of mutation]
 11926 | Lair:2   | Gained mutation: Scrolls take you a little longer to read.
                  | [potion of mutation]
 11926 | Lair:2   | Gained mutation: You are somewhat resistant to further
                  | mutation. [potion of mutation]
 12097 | Lair:2   | Found a runed translucent door.
 12097 | Lair:2   | Noticed anet's ghost (journeyman GnWr)
 12507 | Lair:2   | Reached XP level 11. HP: 49/89 MP: 16/16
 12790 | Lair:2   | Found a hole to the Spider Nest.
 12861 | Lair:2   | Reached skill level 8 in Axes
 12962 | Lair:2   | HP: 4/89 [poisoned by a redback]
 12968 | Lair:2   | HP: 3/89 [poisoned by a redback]
 12976 | Lair:2   | HP: 3/89 [poisoned by a redback]
 13444 | Lair:2   | Noticed Nergalle
 13470 | Lair:2   | Killed Nergalle
 13814 | Lair:2   | Found a staircase to the Shoals.
 13909 | Lair:2   | Noticed Urug
 13924 | Lair:2   | Killed Urug
 14548 | Lair:2   | Killed anet's ghost
 15141 | Lair:3   | Noticed Gastronok
 15150 | Lair:3   | Killed Gastronok
 15150 | Lair:3   | Reached skill level 9 in Axes
 15170 | Lair:3   | Reached XP level 12. HP: 68/97 MP: 18/18
 15945 | Lair:4   | You fall into a shaft and drop 2 floors!
 15945 | Lair:6   | Entered Level 6 of the Lair of Beasts
 16135 | Lair:6   | Found a frozen archway.
 16153 | IceCv    | Entered an ice cave
 16302 | IceCv    | Reached skill level 10 in Axes
 16519 | IceCv    | Noticed a death yak
 16519 | IceCv    | Noticed a death yak
 16533 | IceCv    | Killed a death yak
 16552 | IceCv    | Killed a death yak
 16717 | IceCv    | Identified the +6 arbalest of Eternal Vigilance {freeze,
                  | *Drain rElec rF+++ Int-3} (You found it in an ice cave)
 16789 | IceCv    | Noticed a frost giant
 16804 | IceCv    | Killed a frost giant
 16804 | IceCv    | Reached XP level 13. HP: 73/105 MP: 20/20
 16831 | IceCv    | Reached ****** piety under Lugonu
 16967 | Lair:5   | Reached skill level 10 in Invocations
 17070 | Lair:5   | Found a runed translucent gate.
 17072 | Lair:5   | Found a runed translucent gate.
 17275 | Lair:4   | Identified the +3 arbalest "Mizxif" {freeze, rPois rF+
                  | Str-2 Dex+4} (You found it on level 4 of the Lair of
                  | Beasts)
 17933 | Lair:5   | Found a runed translucent gate.
 17957 | Lair:5   | Noticed Fopaha Niyl's ghost (journeyman GrFi)
 17992 | Lair:5   | Banished Fopaha Niyl's ghost
 18193 | Lair:5   | Noticed Snorg
 18204 | Lair:5   | Killed Snorg
 18757 | Lair:5   | Reached skill level 11 in Axes
 19767 | Lair:6   | Reached skill level 10 in Shields
 20128 | Lair:6   | Found a viscous altar of Jiyva.
 20128 | Lair:6   | Found a staircase to the Slime Pits.
 20172 | Lair:6   | Reached skill level 5 in Dodging
 20172 | Lair:6   | Reached XP level 14. HP: 115/115 MP: 22/22
 20793 | Lair:1   | Noticed Sonja
 20806 | Lair:1   | Cast into level 1 of the Abyss (Sonja)
 20870 | Lair:1   | Escaped the Abyss
 21120 | Lair:1   | Found a runed translucent gate.
 21120 | Lair:1   | Found a runed translucent gate.
 21120 | Lair:1   | Found a runed translucent gate.
 21121 | Lair:1   | Noticed Flubber's ghost (journeyman MiFi)
 21340 | Lair:1   | Killed Sonja
 21613 | Lair:1   | Killed Flubber's ghost
 21816 | D:10     | Entered Level 10 of the Dungeon
 22475 | D:11     | Lost mutation: Scrolls take you a little longer to read.
                  | [potion of mutation]
 22475 | D:11     | Lost mutation: You are somewhat resistant to further
                  | mutation. [potion of mutation]
 22475 | D:11     | Gained mutation: You are frail. (-10% HP) [potion of
                  | mutation]
 22475 | D:11     | Gained mutation: You are partially covered in yellow
                  | scales. (AC +2) [potion of mutation]
 22538 | D:11     | Found a gate leading to a gauntlet.
 22562 | Gauntlet | Entered a Gauntlet
 22562 | Gauntlet | Found a transporter.
 22585 | Gauntlet | Found a transporter.
 22597 | Gauntlet | Found a transporter.
 22732 | Gauntlet | Corrupted Gauntlet
 22733 | Gauntlet | Noticed a starcursed mass
 22737 | Gauntlet | Found a transporter.
 22781 | Gauntlet | Found a transporter.
 22782 | Gauntlet | Found a transporter.
 22796 | Gauntlet | Found a transporter.
 22804 | Gauntlet | Found a transporter.
 22820 | Gauntlet | Found a transporter.
 22850 | Gauntlet | Found a transporter.
 22850 | Gauntlet | Found a transporter.
 22919 | Gauntlet | Found a transporter.
 22986 | Gauntlet | Identified the +8 chain mail "Sughac" {rC++ Int-5 Dex+3
                  | Stlth+}
 22995 | Gauntlet | Reached skill level 12 in Axes
 23712 | D:12     | Found an opulent altar of Gozag.
 24235 | D:13     | Found a flagged portal.
 24247 | Bailey   | Entered a bailey
 24833 | D:13     | Noticed Maurice
 24848 | D:13     | Killed Maurice
 25461 | D:13     | Found a glowing golden altar of the Shining One.
 25750 | D:14     | HP: 3/104 [red ugly thing (13)]
 25926 | D:13     | Reached XP level 15. HP: 110/110 MP: 24/24
 26338 | D:14     | Found a portal to a secret trove of treasure.
 26344 | D:14     | Reached skill level 1 in Throwing
 26344 | D:14     | Reached skill level 1 in Evocations
 26344 | D:14     | Reached XP level 16. HP: 117/117 MP: 25/25
 26765 | D:14     | Found a gate to the Vaults.
 26770 | D:14     | Got a warped scale mail
 26771 | D:14     | Identified the +6 scale mail "Laixugom" {Str+3 Int+2} (You
                  | found it on level 14 of the Dungeon)
 27064 | D:15     | Entered Level 15 of the Dungeon
 27153 | D:15     | Reached skill level 13 in Axes
 27414 | D:15     | Noticed Jorgrun
 27439 | D:15     | Killed Jorgrun
 27720 | D:15     | Noticed Kirke
 27729 | D:15     | Noticed a sphinx
 27733 | D:15     | Killed Kirke
 27750 | D:15     | Found a staircase to the Depths.
 27920 | D:15     | Found an ancient bone altar of Kikubaaqudgha.
 28344 | Orc:1    | Entered Level 1 of the Orcish Mines
 28443 | Orc:1    | You fall into a shaft and drop 1 floor!
 28443 | Orc:2    | Entered Level 2 of the Orcish Mines
 28481 | Orc:2    | Noticed Donald
 28497 | Orc:2    | Killed Donald
 28718 | Orc:2    | Found a staircase to the Elven Halls.
 28878 | Orc:2    | Found an iron altar of Okawaru.
 28897 | Orc:2    | Noticed Azrael
 29158 | Orc:1    | Killed Azrael
 30123 | Orc:2    | Found Femeajut's Assorted Antiques.
 30128 | Orc:2    | Found Weifugar's Antique Weapon Shoppe.
 30134 | Orc:2    | Found Wyavupp's Assorted Antiques.
 30177 | Orc:2    | Found Riojas's Armour Emporium.
 30240 | Orc:2    | Bought a scroll of blinking for 270 gold pieces
 30240 | Orc:2    | Bought a potion of curing for 108 gold pieces
 30240 | Orc:2    | Bought a scroll of teleportation for 108 gold pieces
 30248 | Orc:2    | Bought the +10 zealot's sword {holy, *Rage rN+ EV+3} for
                  | 2318 gold pieces
 30248 | Orc:2    | Found the +10 zealot's sword {holy, *Rage rN+ EV+3}
 30569 | Spider:1 | Entered Level 1 of the Spider Nest
 30775 | Spider:1 | Reached XP level 17. HP: 118/124 MP: 26/26
 31036 | Spider:1 | Noticed Aizul
 31057 | Spider:1 | Killed Aizul
 31209 | Spider:1 | Reached skill level 14 in Axes
 31665 | Spider:2 | You fall into a shaft and drop 1 floor!
 32023 | Spider:2 | Reached skill level 10 in Armour
 32161 | Spider:1 | Lost mutation: You are frail. (-10% HP) [potion of
                  | mutation]
 32161 | Spider:1 | Lost mutation: You are partially covered in yellow scales.
                  | (AC +2) [potion of mutation]
 32161 | Spider:1 | Gained mutation: Your muscles are strong. (Str +2) [potion
                  | of mutation]
 32161 | Spider:1 | Gained mutation: You have a somewhat thin skeletal
                  | structure. (Dex +2, Stealth) [potion of mutation]
 32422 | Spider:2 | Got an ichor-stained helmet
 32423 | Spider:2 | Identified the -5 helmet "Ceos" {rF- Int+9 Dex+4} (You
                  | found it on level 2 of the Spider Nest)
 32490 | Spider:2 | Reached skill level 10 in Fighting
 32956 | Spider:3 | Found a runed translucent gate.
 32956 | Spider:3 | Found a runed translucent gate.
 32956 | Spider:3 | Found a runed translucent gate.
 32957 | Spider:3 | Noticed Zaguo's ghost (adept MfTm)
 33724 | Spider:3 | Gained mutation: Your magical capacity is low. (-10% MP)
                  | [mutagenic glow]
 33867 | Spider:3 | Banished Zaguo's ghost
 33884 | Spider:3 | Gained mutation: You occasionally shout uncontrollably at
                  | your foes. [mutagenic glow]
 34062 | Spider:3 | Got a pair of jewelled gloves
 34073 | Spider:3 | Identified the +1 pair of gloves "Ehekhlus" {rN+ Int-5
                  | Slay+2} (You found it on level 3 of the Spider Nest)
 34073 | Spider:3 | Lost intelligence.
 34121 | Spider:4 | Entered Level 4 of the Spider Nest
 34150 | Spider:3 | Lost intelligence.
 35238 | Shoals:1 | Entered Level 1 of the Shoals
 37056 | Shoals:2 | Slain by a merfolk

Illustrated notes

Levels and vault maps discovered:
D:1:      psy_arrival_fountain, layout_loops_ring
D:2:      layout_rooms, nicolae_dithmenos_shadow_blocks, old_standard_altar,
          roderic_roman_lattice, uniq_terence
D:3:      layout_basic, serial_glass, glass_columns_b, glass_columns_b,
          hangedman_decor_slide_cut, minmay_misc_feat_secret_circle,
          elyvilon_altar_3
D:4:      layout_rooms, minitemple, minivault_1, fedhas_altar_3
D:5:      layout_basic, first_ration, uniq_crazy_yiuf_cottage
D:6:      wander_guarded_unrand_ratskin, layout_basic, lemuel_blue_sif_altar,
          temple_statues, kennysheep_small_circle, uniq_menkaure
D:7:      layout_cave_pods, uniq_harold
D:8:      layout_cave_pods, lair_entry_dummy, serial_shops,
          nicolae_shop_crystal, hangedman_pestilent_swarm, dk_noncrumbling_3,
          kennysheep_generic_room_12
D:9:      layout_loops_corners, david_orc_3
D:10:     layout_rooms
D:11:     layout_roguey, gauntlet_entry_generic
D:12:     layout_irregular_city, basic_altar, nicolae_straight_to_the_point
D:13:     layout_basic, enter_bailey_3, david_defended_altar_elf, uniq_maurice
D:14:     layout_stronghold, david_vaults_5, enter_trove_5, chequers_garden
D:15:     grunt_enter_depths_snipers, layout_long_grid, lemuel_statue_altar,
          nrook_uturn, uniq_jorgrun, uniq_kirke
Lair:1:   wad_woods_minihive, layout_regular_city, gammafunk_ghost_necromancy,
          uniq_sonja, uniq_fannar
Lair:2:   layout_long_grid, minmay_shoals_entry_hut,
          nicolae_spider_entry_tight_spaces, hellmonk_ghost_happy_afterlife,
          nicolae_volcano_entry_two_sided, uniq_urug, uniq_nergalle
Lair:3:   layout_small_grid, uniq_gastronok
Lair:4:   layout_small_grid
Lair:5:   layout_concentric_octagons, gammafunk_ghost_necromancy,
          nicolae_lair_grove_arrangements, chequers_serial_rivers_room_a,
          serial_bayou_pond_e, uniq_snorg
Lair:6:   minmay_lair_end_frog_pond, layout_gridlike,
          dpeg_slime_entry_enclosed_altar, portal_ice_cave_demonic_guard,
          serial_bayou_ford_a, lemuel_fruit_tree
Shoals:1: layout_shoals, yaktaur_hedge
Shoals:2: layout_shoals, uniq_ilsuiw
Spider:1: layout_spider_delve, special_room, uniq_aizul
Spider:2: layout_spider_delve, minmay_another_anthill,
          nicolae_spider_cling_halls
Spider:3: layout_spider_delve, gammafunk_ghost_tricky_traps
Spider:4: spider_rune_water
Orc:1:    layout_caves, minmay_orc_keep
Orc:2:    st_orc_open, layout_caves, okawaru_metal_pillars_1_2, uniq_azrael,
          uniq_donald

Skill      XL: |  1  2  3  4  5  6  7  8  9 10 11 12 13 14 15 16 17 |
---------------+----------------------------------------------------+-----
Axes           | 2 3 4 5 6 7 9 10 11 12 13 14 | 14.7
Dodging        | 1 2 3 4 5 |  5.9
Armour         | 2 3 4 5 6 7 8 9 10 | 10.4
Shields        | 1 2 4 5 6 7 9 10 11 13 | 13.0
Invocations    | 3 4 5 6 7 8 9 11 12 13 | 13.9
Fighting       | 4 5 6 7 8 9 10 | 10.4
Throwing       | 1 |  1.4
Evocations     | 1 |  1.3

Action                   |  1- 3 |  4- 6 |  7- 9 | 10-12 | 13-15 | 16-18 || total
-------------------------+-------+-------+-------+-------+-------+-------++-------
Melee: Hand axe          |    72 |   213 |   437 |   153 |       |       ||   875
       Kick              |    13 |    48 |   143 |   204 |   305 |   351 ||  1064
       Broad axe         |       |       |       |   424 |   864 |   949 ||  2237
Throw: Javelin           |       |       |       |       |     4 |       ||     4
Invok: Depart the Abyss  |     1 |       |       |       |     1 |       ||     2
       Banish            |       |       |     1 |     5 |     9 |     6 ||    21
       Bend Space        |       |       |       |     2 |     2 |     1 ||     5
       Corrupt           |       |       |       |       |     1 |       ||     1
 Abil: Evoke Flight      |       |       |       |       |     3 |       ||     3
Evoke: Wand              |       |       |     1 |       |     1 |     1 ||     3
  Use: Potion            |     1 |       |     3 |     5 |     2 |     7 ||    18
       Scroll            |       |    15 |     4 |    19 |    19 |    10 ||    67
 Stab: Confused          |       |       |     5 |       |       |       ||     5
       Invisible         |       |       |       |       |    15 |       ||    15
  Eat: Chunk             |     1 |     7 |    17 |     8 |    20 |    25 ||    78
       Ration            |       |       |       |     5 |     3 |     2 ||    10
Armor: Leather armour    |    29 |     7 |       |       |       |       ||    36
       Ring mail         |       |   102 |   132 |   222 |   184 |       ||   640
       Skin              |       |       |       |     5 |       |    42 ||    47
       Chain mail        |       |       |       |       |   134 |   641 ||   775
Dodge: Dodged            |    19 |    58 |    82 |   187 |   284 |   361 ||   991
       Repelled          |       |       |       |       |     5 |    26 ||    31
Block: Kite shield       |    32 |   124 |   269 |   520 |   796 |  1166 ||  2907

Table legend:
 A = Non-vault XP
 B = Vault XP
 C = Vault XP percentage of total XP
 D = Non-vault monster count
 E = Vault monster count
 F = Vault count percentage of total count
                 A         B        C        D         E       F
            +---------+---------+-------+---------+---------+-------
      Total |  139336 |   94613 |  40.4 |     704 |     372 |  34.6
            +---------+---------+-------+---------+---------+-------
        D:1 |      46 |       0 |   0.0 |      11 |       0 |   0.0
        D:2 |      98 |      36 |  26.9 |      26 |       1 |   3.7
        D:3 |     341 |       0 |   0.0 |      30 |       0 |   0.0
        D:4 |     412 |       0 |   0.0 |      17 |       0 |   0.0
        D:5 |     825 |      40 |   4.6 |      30 |       1 |   3.2
        D:6 |     683 |     315 |  31.6 |      19 |      24 |  55.8
        D:7 |     480 |     992 |  67.4 |      12 |       1 |   7.7
        D:8 |    2371 |     505 |  17.6 |      22 |       4 |  15.4
        D:9 |     947 |    1323 |  58.3 |      20 |       8 |  28.6
       D:10 |    2826 |       0 |   0.0 |      25 |       0 |   0.0
       D:11 |    5890 |       0 |   0.0 |      28 |       0 |   0.0
       D:12 |    2955 |       0 |   0.0 |      22 |       0 |   0.0
       D:13 |    5599 |     457 |   7.5 |      35 |       5 |  12.5
       D:14 |   13906 |    3524 |  20.2 |      55 |       7 |  11.3
       D:15 |    9701 |    8241 |  45.9 |      33 |       9 |  21.4
     Lair:1 |    3892 |    5868 |  60.1 |      12 |      48 |  80.0
     Lair:2 |    2028 |    5874 |  74.3 |      14 |      23 |  62.2
     Lair:3 |    3966 |    2265 |  36.4 |      19 |       1 |   5.0
     Lair:4 |     251 |       0 |   0.0 |       2 |       0 |   0.0
     Lair:5 |    6836 |    6214 |  47.6 |      25 |      17 |  40.5
     Lair:6 |    4939 |   11122 |  69.2 |      24 |      44 |  64.7
   Shoals:1 |   15113 |     349 |   2.3 |      32 |       1 |   3.0
   Shoals:2 |    1599 |       0 |   0.0 |       5 |       0 |   0.0
   Spider:1 |   13088 |    1691 |  11.4 |      38 |       1 |   2.6
   Spider:2 |   21850 |    6102 |  21.8 |      64 |      34 |  34.7
   Spider:3 |   12711 |    3053 |  19.4 |      35 |       9 |  20.5
   Spider:4 |    1576 |       0 |   0.0 |       6 |       0 |   0.0
      Orc:1 |     781 |    4647 |  85.6 |      13 |      22 |  62.9
      Orc:2 |    3626 |   14951 |  80.5 |      30 |      31 |  50.8
     Bailey |       0 |    2066 | 100.0 |       0 |      26 | 100.0
      IceCv |       0 |   12068 | 100.0 |       0 |      44 | 100.0
   Gauntlet |       0 |    2910 | 100.0 |       0 |      11 | 100.0
            +---------+---------+-------+---------+---------+-------
